 Dungeon Sprint DCSS version 0.18-a0-1560-ge216ca8 (webtiles) character file.

2 pipel the Covered (level 1, -1/12 HPs)
             Began as a Deep Elf Wanderer on Mar 12, 2016.
             Was an Initiate of Vehumet.
             Slain by an ufetubus (5 damage)
             ... in the Dungeon (Sprint VII: "The Pits").
             The game lasted 00:01:29 (273 turns).

pipel the Covered (Deep Elf Wanderer)                Turns: 273, Time: 00:01:29

Health: -1/12      AC:  2    Str: 13    XL:     1   Next: 25%
Magic:  5/5        EV: 11    Int: 14    God:    Vehumet [......]
Gold:   0          SH:  0    Dex: 12    Spells: 1 memorised, 2 levels left

rFire  . . .     SeeInvis .     b - +0 hand crossbow
rCold  . . .     Gourm    .     e - +0 robe
rNeg   . . .     Faith    .     (no shield)
rPois  .         Spirit   .     (no helmet)
rElec  .         Dismiss  .     (no cloak)
rCorr  .         Reflect  .     (no gloves)
SustAt .         Harm     .     (no boots)
MR     .....     NoTele   +     (no amulet)
Stlth  ++........               (no ring)
                                (no ring)

@: not resistant to hostile enchantments, unstealthy
A: no striking features
a: Renounce Religion


You were in the Dungeon.
You worshipped Vehumet.
Vehumet was noncommittal.
You were not hungry.

You visited 1 branch

Inventory:

Hand Weapons
 a - a +2 quarterstaff
 b - a +0 hand crossbow (weapon)
Missiles
 c - 17 bolts (quivered)
 q - 10 stones
Armour
 e - a +0 robe (worn)
Magical Staves
 r - an uncursed staff of energy
Scrolls
 l - a scroll of blinking
 s - 3 scrolls of remove curse
 t - 5 scrolls of amnesia
 u - a scroll of summoning
 v - 2 scrolls of vulnerability
Potions
 d - a potion of lignification
 g - a potion of curing
 h - a potion of heal wounds
 i - a potion of haste
 j - 4 potions of magic
 k - 3 potions of berserk rage
 p - 2 potions of invisibility
Books
 m - a book of Spatial Translocations

   Spells                             Type                      Level
   a - Apportation                    Translocation                1
   b - Blink                          Translocation                2
   c - Shroud of Golubria             Charms/Translocation         2
   d - Portal Projectile              Translocation                3
   e - Teleport Other                 Translocation                3
   f - Passage of Golubria            Translocation                4
Comestibles
 f - 8 bread rations
 n - 40 fruits
 o - 7 meat rations


   Skills:
 + Level 1.0 Fighting
   Level 1.1 Bows
 + Level 0.3 Crossbows
 + Level 3.0 Armour
 + Level 1.4 Stealth
 + Level 1.5 Spellcasting
 + Level 2.3 Translocations
 + Level 1.1 Evocations


You had 2 spell levels left.
You knew the following spells:

 Your Spells              Type           Power        Failure   Level  Hunger
a - Apportation           Tloc           #.........   12%         1    ##.....


Dungeon Overview and Level Annotations

Branches:
Dungeon (1/1)

Altars:
Ashenzari
Cheibriados
Dithmenos
Elyvilon
Fedhas
Gozag
Kikubaaqudgha
Makhleb
Nemelex Xobeh
Okawaru
Pakellas
Qazlal
Ru
Sif Muna
Trog
Vehumet
Xom
Yredelemnul
Zin
The Shining One
Beogh
Jiyva
Lugonu


Message History

Firing (i - inventory. (,) - cycle):
c - 20 bolts (quivered)
Press: ? - help, Shift-Dir - straight line, f - ufetubus
Aim: an ufetubus You shoot a bolt.
The bolt closely misses the ufetubus.
The bolt closely misses the orc.
The ufetubus hits you. The ufetubus misses you.
You take 3 damage, and have 9/12 hp.
MASSIVE DAMAGE!!
Firing (i - inventory. (,) - cycle):
c - 19 bolts (quivered)
Press: ? - help, Shift-Dir - straight line, f/p - ufetubus
Aim: an ufetubus You shoot a bolt.
The bolt misses the ufetubus.
The bolt barely misses the orc.
The ufetubus hits you. The ufetubus closely misses you.
The ufetubus hits you but does no damage.
The ufetubus barely misses you. The orc hits you.
You take 5 damage, and have 4/12 hp.
MASSIVE DAMAGE!!
Firing (i - inventory. (,) - cycle):
c - 18 bolts (quivered)
Press: ? - help, Shift-Dir - straight line, f/p - ufetubus
Aim: an ufetubus You shoot a bolt.
The bolt barely misses the ufetubus.
The ufetubus hits you.
You die...

#__________#
#_#####'##############+
#_#)))'.'..##..........
#_#)).#.#..##......#..#
#######'#####..........
#...........'..........
#+#####†#####......#..#
#.o#..##..........
+@5'.(#####'#####+
####+###.......#
#.......# #.......#
#...<...# #.......#
#.......# #.......#
#########


You could see an orc and an ufetubus.

Vanquished Creatures
  A quokka (D)
  A kobold (D)
2 creatures vanquished.

Notes
Turn   | Place    | Note
--------------------------------------------------------------
     0 | D        | pipel the Deep Elf Wanderer began the quest for the Orb.
     0 | D        | pipel set off with: a book of Spatial Translocations, a +0 hand crossbow, 22 bolts, a potion of lignification, a +0 robe, a bread ration, a potion of curing, a potion of heal wounds, a potion of haste, 2 potions of magic, a potion of berserk rage, a scroll of blinking
     0 | D        | Reached XP level 1. HP: 12/12 MP: 5/5
     9 | D        | Learned a level 1 spell: Apportation
    34 | D        | Found a sacrificial altar of Ru.
    34 | D        | Found a basalt altar of Yredelemnul.
    34 | D        | Found a glowing golden altar of the Shining One.
    34 | D        | Found a deep blue altar of Sif Muna.
    34 | D        | Found a burning altar of Makhleb.
    34 | D        | Found an ancient bone altar of Kikubaaqudgha.
    34 | D        | Found a glowing silver altar of Zin.
    35 | D        | Found a shadowy altar of Dithmenos.
    35 | D        | Found a bloodstained altar of Trog.
    35 | D        | Found a shattered altar of Ashenzari.
    35 | D        | Found a white marble altar of Elyvilon.
    35 | D        | Found a snail-covered altar of Cheibriados.
    35 | D        | Found a blossoming altar of Fedhas.
    35 | D        | Found a radiant altar of Vehumet.
    35 | D        | Found a shimmering altar of Xom.
    35 | D        | Found a sparkling altar of Nemelex Xobeh.
    35 | D        | Found a corrupted altar of Lugonu.
    35 | D        | Found a viscous altar of Jiyva.
    35 | D        | Found a roughly hewn altar of Beogh.
    35 | D        | Found an iron altar of Okawaru.
    36 | D        | Found an oddly glowing altar of Pakellas.
    40 | D        | Found a stormy altar of Qazlal.
    40 | D        | Found an opulent altar of Gozag.
    42 | D        | Became a worshipper of Vehumet
   199 | D        | Reached skill level 3 in Armour
   273 | D        | Slain by an ufetubus

Vault maps used:
D:        pitsprint

Skill      XL: |  1 |
---------------+----+-----
Armour         | 3 |  3.0
Fighting       | |  1.0
Bows           | |  1.1
Crossbows      | |  0.3
Stealth        | |  1.4
Spellcasting   | |  1.5
Translocations | |  2.3
Evocations     | |  1.1

Action                   || total
-------------------------++-------
 Fire: Hand crossbow     ||    15
